Penguins vs Sabres
Created - November 15, 2017 at 23:32
Goals
|
| Penguins |
2 |
0 |
0 |
2 |
| Sabres |
0 |
1 |
0 |
1 |
|
Shots
|
| Penguins |
10 |
13 |
2 |
25 |
| Sabres |
14 |
4 |
9 |
27 |
|
1st period
1. Penguins , Justin Williams 3 (Duncan Keith 6, Brayden Schenn 4) at 12:41
2. Penguins , Nathan Horton 1 (Bobby Ryan 17, Sean Zimmerman 3) at 16:25
Penalties :
Dion Phaneuf (Pit) for Hooking (Minor) at 7:44, Bobby Ryan (Pit) for Holding (Minor) at 14:07
2nd period
3. Sabres , Kyle Okposo 5 (Evander Kane 5, Andrei Loktionov 9) at 17:04 (PP)
Penalties :
Simon Gagné (Pit) for Hooking (Minor) at 3:59, Simon Gagné (Pit) for Hooking (Minor) at 16:27, Max Pacioretty (Pit) for Elbowing (Minor) at 18:29
3rd period
No Goal
Penalties :
Nathan Horton (Pit) for High sticking (Minor) at 3:44, Vincent Lecavalier (Buf) for Hooking (Minor) at 10:30
Goalie Stats
Brian Elliott (Pit), 26 saves from 27 shots - (0.963), W, 8-4-2, 60:00 minutes
Robin Lehner (Buf), 23 saves from 25 shots - (0.920), L, 7-4-1, 58:53 minutes
Players Stats for Penguins
Player Name G A P +/- PIM S H SB GA TA FO MP PP MP PK MP
------------------------------------------------------------------------------------
Andrew Cogliano 0 0 0 1 0 1 0 0 1 1 0/2 23:30 1:13 5:29
Bobby Ryan 0 1 1 1 2 4 1 0 0 0 0/0 14:13 1:13 0:00
Brayden Schenn 0 1 1 1 0 2 2 0 0 0 9/19 20:34 0:00 6:00
D.J King 0 0 0 0 0 2 0 0 0 0 0/0 10:27 0:00 1:51
Derek Joslin 0 0 0 0 0 0 1 1 0 0 0/0 12:43 0:00 1:02
Dion Phaneuf 0 0 0 1 2 1 1 1 0 1 0/0 24:41 1:31 4:33
Duncan Keith 0 1 1 1 0 2 0 0 0 1 0/0 22:37 0:28 4:57
Eric Gryba 0 0 0 1 0 2 1 1 0 0 0/0 21:57 0:28 4:36
Josef Vasicek 0 0 0 0 0 3 0 0 0 0 3/3 8:14 0:00 0:00
Justin Williams 1 0 1 1 0 1 1 1 0 0 0/1 11:05 0:00 0:00
Max Pacioretty 0 0 0 0 2 1 0 0 1 0 1/1 12:13 0:46 0:00
Nathan Horton 1 0 1 1 2 1 1 1 0 0 0/0 15:15 0:46 1:38
Nikita Alexeev 0 0 0 0 0 0 0 0 0 0 0/0 8:14 0:00 0:00
Paul Ranger 0 0 0 0 0 0 0 1 0 0 0/0 12:21 0:00 0:21
Sam Gagner 0 0 0 0 0 2 3 0 1 1 2/9 13:50 0:46 1:54
Sean Zimmerman 0 1 1 1 0 0 1 1 0 3 0/0 25:42 1:31 5:35
Simon Gagné 0 0 0 1 4 1 4 0 0 0 0/1 17:51 0:00 4:12
Steven Stamkos 0 0 0 0 0 2 0 0 1 0 11/20 13:55 1:13 0:00
Players Stats for Sabres
Player Name G A P +/- PIM S H SB GA TA FO MP PP MP PK MP
------------------------------------------------------------------------------------
Andrei Loktionov 0 1 1 0 0 3 2 1 0 0 12/22 20:37 4:32 0:00
Brandon Sutter 0 0 0 -1 0 0 0 0 0 0 3/5 9:35 0:00 1:13
Darcy Hordichuk 0 0 0 -1 0 2 2 0 0 0 0/1 9:29 0:00 1:07
Evander Kane 0 1 1 0 0 3 3 2 1 0 0/0 21:49 4:32 0:00
J.T. Miller 0 0 0 -1 0 1 3 0 0 0 0/0 17:36 5:50 0:17
Jakub Kindl 0 0 0 0 0 0 2 0 0 1 0/0 12:08 0:00 0:00
Jared Cowen 0 0 0 -2 0 1 1 1 0 0 0/0 25:49 5:58 0:50
Jordan Leopold 0 0 0 0 0 0 0 0 0 1 0/0 10:56 0:00 0:00
Kyle Okposo 1 0 1 0 0 4 1 0 1 0 0/0 17:16 4:32 0:00
Martin St. Louis 0 0 0 -1 0 0 0 0 0 0 0/0 13:10 0:31 0:00
Matt Martin 0 0 0 0 0 2 3 0 0 1 0/0 10:50 0:00 0:30
Michael Kostka 0 0 0 0 0 1 3 1 0 1 0/0 23:13 4:34 0:50
Rob Scuderi 0 0 0 0 0 0 2 0 0 0 0/0 22:03 4:34 1:09
Ryan O'Reilly 0 0 0 0 0 1 1 0 0 0 6/8 11:12 0:00 0:35
Scottie Upshall 0 0 0 -1 0 0 0 1 0 0 0/0 8:33 0:10 0:00
Vincent Lecavalier 0 0 0 -1 2 5 1 0 2 0 8/17 18:32 5:51 0:00
Zach Bogosian 0 0 0 -2 0 3 0 1 1 0 0/0 25:51 5:58 1:09
Zack Kassian 0 0 0 0 0 1 6 0 2 0 1/3 19:21 5:38 0:16
3 Stars
1 - Brian Elliott (Pit)
2 - Justin Williams (Pit)
3 - Kyle Okposo (Buf)
Power Play
Penguins - 0 on 1 Attempt(s) - 0.00%
Sabres - 1 on 6 Attempt(s) - 16.67%
Penalty Kill
Penguins - 5 on 6 Attempt(s) - 83.33%
- Score 0 goal in Penalty Kill
Sabres - 1 on 1 Attempt(s) - 100.00%
- Score 0 goal in Penalty Kill
Team Stat
Penguins - Hits : 16 - Faceoff Wins : 26 - Blocked Shots : 7 - Penalty Minutes : 12
Sabres - Hits : 30 - Faceoff Wins : 30 - Blocked Shots : 7 - Penalty Minutes : 2
Official
Referees : Hebert Ghislain and Kimmerly Greg
Linesman : Scott Cherrey and Darren Gibbs
Game Notes
No Game Note
Finance
Level 1 -- Attendance: 6000 (100.00%) -- Ticket Income $540,000
Level 2 -- Attendance: 4965 (99.30%) -- Ticket Income $253,215
Level 3 -- Attendance: 1828 (91.40%) -- Ticket Income $60,324
Level 4 -- Attendance: 3503 (87.58%) -- Ticket Income $94,581
Luxury Box -- Attendance: 991 (99.10%) -- Ticket Income $156,578
Game was played at the Duff Garden.
Total Attendance: 17287 (96.04%)
Total Ticket Income: $1,104,698
Other Income: $165,705
Total Income: $1,270,403
Penguins
5 vs 5 Forward
Center Left Wing Right Wing Time % Phy DF OF
1 Steven Stamkos Andrew Cogliano Bobby Ryan 40 0 2 3
2 Sam Gagner Max Pacioretty Nathan Horton 30 0 2 3
3 Brayden Schenn Simon Gagné Justin Williams 20 0 2 3
4 Josef Vasicek D.J King Nikita Alexeev 10 0 2 3
5 vs 5 Defense
Defense Defense Time % Phy DF OF
1 Dion Phaneuf Sean Zimmerman 45 1 2 2
2 Duncan Keith Eric Gryba 33 1 2 2
3 Paul Ranger Derek Joslin 22 1 2 2
4 Dion Phaneuf Sean Zimmerman 0 1 2 2
PowerPlay Forward
Center Left Wing Right Wing Time % Phy DF OF
1 Steven Stamkos Andrew Cogliano Bobby Ryan 60 0 1 4
2 Sam Gagner Max Pacioretty Nathan Horton 40 0 1 4
PowerPlay Defense
Defense Defense Time % Phy DF OF
1 Dion Phaneuf Sean Zimmerman 60 0 2 3
2 Duncan Keith Eric Gryba 40 0 2 3
Penalty Kill 4 Players Forward
Center Wing Time % Phy DF OF
1 Brayden Schenn Simon Gagné 60 0 4 1
2 Andrew Cogliano Nathan Horton 40 0 4 1
Penalty Kill 4 Players Defense
Defense Defense Time % Phy DF OF
1 Dion Phaneuf Sean Zimmerman 60 1 4 0
2 Duncan Keith Eric Gryba 40 1 4 0
Penalty Kill - 3 Players Forward
Forward Time % Phy DF OF
1 Brayden Schenn 60 0 4 1
2 Nathan Horton 40 0 4 1
Penalty Kill - 3 Players Defense
Defense Defense Time % Phy DF OF
1 Dion Phaneuf Sean Zimmerman 60 1 4 0
2 Duncan Keith Eric Gryba 40 1 4 0
4 vs 4 Forward
Center Wing Time % Phy DF OF
1 Steven Stamkos Bobby Ryan 60 0 2 3
2 Sam Gagner Nathan Horton 40 0 2 3
4 vs 4 Defense
Defense Defense Time % Phy DF OF
1 Dion Phaneuf Sean Zimmerman 60 1 2 2
2 Duncan Keith Eric Gryba 40 1 2 2
Last Minutes Offensive
Center Left Wing Right Wing Defense Defense
Steven Stamkos Andrew Cogliano Bobby Ryan Dion Phaneuf Sean Zimmerman
Last Minutes Defensive
Center Left Wing Right Wing Defense Defense
Brayden Schenn Andrew Cogliano Nathan Horton Dion Phaneuf Sean Zimmerman
Goaltenders
Starting : Brian Elliott
Backup : Josh Tordjman
Extra Forwards
Normal : Steven Stamkos, Sam Gagner, Brayden Schenn - PP : Andrew Cogliano, Max Pacioretty - PK : Simon Gagné
Extra Defensemen
Normal : Sean Zimmerman, Duncan Keith, Eric Gryba - PP : Paul Ranger - PK : Sean Zimmerman, Dion Phaneuf
Penalty Shots
Max Pacioretty, Bobby Ryan, Steven Stamkos, Brayden Schenn, Simon Gagné
Scratches
Brian McGrattan (Right Ankle Injury), Keith Aulie (Fractured Bone in Right Hand Injury)
Sabres
5 vs 5 Forward
Center Left Wing Right Wing Time % Phy DF OF
1 Andrei Loktionov Evander Kane Zack Kassian 38 0 2 3
2 Ryan O'Reilly Matt Martin Kyle Okposo 29 2 1 2
3 Vincent Lecavalier J.T. Miller Martin St. Louis 24 0 2 3
4 Brandon Sutter Darcy Hordichuk Scottie Upshall 9 0 2 3
5 vs 5 Defense
Defense Defense Time % Phy DF OF
1 Zach Bogosian Jared Cowen 41 0 2 3
2 Michael Kostka Rob Scuderi 35 0 3 2
3 Jakub Kindl Jordan Leopold 24 1 3 1
4 Michael Kostka Jared Cowen 0 0 3 2
PowerPlay Forward
Center Left Wing Right Wing Time % Phy DF OF
1 Vincent Lecavalier J.T. Miller Zack Kassian 60 0 1 4
2 Andrei Loktionov Evander Kane Kyle Okposo 40 0 1 4
PowerPlay Defense
Defense Defense Time % Phy DF OF
1 Zach Bogosian Jared Cowen 60 1 1 3
2 Michael Kostka Rob Scuderi 40 1 1 3
Penalty Kill 4 Players Forward
Center Wing Time % Phy DF OF
1 Brandon Sutter Darcy Hordichuk 60 1 3 1
2 Ryan O'Reilly Zack Kassian 40 1 3 1
Penalty Kill 4 Players Defense
Defense Defense Time % Phy DF OF
1 Zach Bogosian Rob Scuderi 60 1 4 0
2 Michael Kostka Jared Cowen 40 1 4 0
Penalty Kill - 3 Players Forward
Forward Time % Phy DF OF
1 Brandon Sutter 60 1 4 0
2 J.T. Miller 40 1 4 0
Penalty Kill - 3 Players Defense
Defense Defense Time % Phy DF OF
1 Zach Bogosian Rob Scuderi 60 1 4 0
2 Michael Kostka Jared Cowen 40 1 4 0
4 vs 4 Forward
Center Wing Time % Phy DF OF
1 Vincent Lecavalier J.T. Miller 60 1 2 2
2 Ryan O'Reilly Zack Kassian 40 1 2 2
4 vs 4 Defense
Defense Defense Time % Phy DF OF
1 Zach Bogosian Rob Scuderi 60 1 2 2
2 Michael Kostka Jared Cowen 40 1 2 2
Last Minutes Offensive
Center Left Wing Right Wing Defense Defense
Vincent Lecavalier Evander Kane Martin St. Louis Zach Bogosian Michael Kostka
Last Minutes Defensive
Center Left Wing Right Wing Defense Defense
Vincent Lecavalier J.T. Miller Zack Kassian Zach Bogosian Jared Cowen
Goaltenders
Starting : Robin Lehner
Backup : Jonas Hiller
Extra Forwards
Normal : Martin St. Louis, Zack Kassian, Matt Martin - PP : Martin St. Louis, Zack Kassian - PK : Matt Martin
Extra Defensemen
Normal : Jakub Kindl, Jordan Leopold, Michael Kostka - PP : Jakub Kindl - PK : Jordan Leopold, Michael Kostka
Penalty Shots
Vincent Lecavalier, Kyle Okposo, Evander Kane, Scottie Upshall, Andrei Loktionov
Scratches
Michael Haley (Healthy)
% Time on Ice - Penguins
Lines # - Real PCT - Wanted PCT - Time Play
Normal Forward
1 - 33% - 40% - 15:18
2 - 25% - 30% - 11:39
3 - 24% - 20% - 11:05
4 - 18% - 10% - 8:14
Normal Defense
1 - 39% - 45% - 18:04
2 - 36% - 33% - 16:31
3 - 25% - 22% - 11:41
4 - 0% - 0% - 0:00
PP Forward
1 - 61% - 60% - 1:13
2 - 39% - 40% - 0:46
PP Defense
1 - 76% - 60% - 1:31
2 - 24% - 40% - 0:28
PK Forward
1 - 75% - 60% - 7:54
2 - 25% - 40% - 2:38
PK Defense
1 - 56% - 60% - 5:56
2 - 44% - 40% - 4:36
PK3 Forward
1 - 0% - 60%
2 - 0% - 40%
PK3 Defense
1 - 0% - 60%
2 - 0% - 40%
44 Forward
1 - 0% - 60%
2 - 0% - 40%
44 Defense
1 - 0% - 60%
2 - 0% - 40%
Last Minute Offensive - 0:00
Last Minute Defensive - 1:13
Total
Forward - 60:00
Defense - 60:00
|
% Time on Ice - Sabres
Lines # - Real PCT - Wanted PCT - Time Play
Normal Forward
1 - 29% - 38% - 13:19
2 - 29% - 29% - 13:24
3 - 24% - 24% - 11:12
4 - 18% - 9% - 8:22
Normal Defense
1 - 40% - 41% - 18:44
2 - 36% - 35% - 16:37
3 - 24% - 24% - 10:56
4 - 0% - 0% - 0:00
PP Forward
1 - 57% - 60% - 6:00
2 - 43% - 40% - 4:32
PP Defense
1 - 57% - 60% - 5:58
2 - 43% - 40% - 4:34
PK Forward
1 - 87% - 60% - 1:43
2 - 13% - 40% - 0:16
PK Defense
1 - 58% - 60% - 1:09
2 - 42% - 40% - 0:50
PK3 Forward
1 - 0% - 60%
2 - 0% - 40%
PK3 Defense
1 - 0% - 60%
2 - 0% - 40%
44 Forward
1 - 0% - 60%
2 - 0% - 40%
44 Defense
1 - 0% - 60%
2 - 0% - 40%
Last Minute Offensive - 1:12
Last Minute Defensive - 0:00
Total
Forward - 60:00
Defense - 60:00
|
Play by Play
1st period
0:01 of 1st period - Andrei Loktionov wins face-off versus Steven Stamkos in neutral zone.
0:04 of 1st period - Bobby Ryan is hit by Jared Cowen.
0:26 of 1st period - Zach Bogosian is hit by Sam Gagner and loses puck.
0:49 of 1st period - Brayden Schenn is hit by Michael Kostka.
0:58 of 1st period - Off-side.
0:59 of 1st period - Josef Vasicek wins face-off versus Brandon Sutter in neutral zone.
1:14 of 1st period - Snap shot by Darcy Hordichuk.
1:14 of 1st period - Stopped by Brian Elliott without a rebound.
1:15 of 1st period - Steven Stamkos wins face-off versus Andrei Loktionov in Penguins zone.
1:33 of 1st period - Icing by Eric Gryba.
1:34 of 1st period - Steven Stamkos wins face-off versus Vincent Lecavalier in Penguins zone.
2:00 of 1st period - Eric Gryba is hit by Jakub Kindl and loses puck.
2:14 of 1st period - Wrist shot by Steven Stamkos.
2:14 of 1st period - Deflect By Jakub Kindl.
2:14 of 1st period - Shot Misses the Net.
2:14 of 1st period - Puck is out of play.
2:15 of 1st period - Ryan O'Reilly wins face-off versus Sam Gagner in Sabres zone.
2:24 of 1st period - Snap shot by Kyle Okposo.
2:24 of 1st period - Stopped by Brian Elliott without a rebound.
2:25 of 1st period - Ryan O'Reilly wins face-off versus Sam Gagner in Penguins zone.
2:44 of 1st period - Snap shot by Kyle Okposo.
2:44 of 1st period - Stopped by Brian Elliott with a rebound.
2:46 of 1st period - Snap shot by Kyle Okposo.
2:46 of 1st period - Shot Misses the Net.
2:48 of 1st period - Slapshot by Rob Scuderi.
2:48 of 1st period - Shot Misses the Net.
3:02 of 1st period - Snap shot by Kyle Okposo.
3:02 of 1st period - Stopped by Brian Elliott with a rebound.
3:04 of 1st period - Snap shot by Matt Martin.
3:04 of 1st period - Stopped by Brian Elliott without a rebound.
3:05 of 1st period - Andrei Loktionov wins face-off versus Brayden Schenn in Penguins zone.
3:10 of 1st period - Snap shot by Zach Bogosian.
3:10 of 1st period - Shot Blocked by Derek Joslin.
3:12 of 1st period - Snap shot by Evander Kane.
3:12 of 1st period - Stopped by Brian Elliott without a rebound.
3:13 of 1st period - Andrei Loktionov wins face-off versus Justin Williams in Penguins zone.
3:18 of 1st period - Snap shot by Zack Kassian.
3:18 of 1st period - Stopped by Brian Elliott with a rebound.
3:20 of 1st period - Wrist shot by Evander Kane.
3:20 of 1st period - Stopped by Brian Elliott without a rebound.
3:21 of 1st period - Andrei Loktionov wins face-off versus Brayden Schenn in Penguins zone.
3:24 of 1st period - Snap shot by Zack Kassian.
3:24 of 1st period - Shot Blocked by Justin Williams.
3:30 of 1st period - Jared Cowen is hit by Derek Joslin and loses puck.
3:35 of 1st period - Snap shot by Simon Gagné.
3:35 of 1st period - Deflect By Brayden Schenn.
3:35 of 1st period - Stopped by Robin Lehner with a rebound.
3:53 of 1st period - Snap shot by Zach Bogosian.
3:53 of 1st period - Stopped by Brian Elliott without a rebound.
3:54 of 1st period - Brandon Sutter wins face-off versus Steven Stamkos in Penguins zone.
3:55 of 1st period - Snap shot by Darcy Hordichuk.
3:55 of 1st period - Stopped by Brian Elliott without a rebound.
3:56 of 1st period - Steven Stamkos wins face-off versus Andrei Loktionov in Penguins zone.
3:56 of 1st period - Steven Stamkos is hit by Zack Kassian.
4:12 of 1st period - Snap shot by Steven Stamkos.
4:12 of 1st period - Stopped by Robin Lehner with a rebound.
5:12 of 1st period - Snap shot by Josef Vasicek.
5:12 of 1st period - Shot Misses the Net.
5:46 of 1st period - Backhand shot by Josef Vasicek.
5:46 of 1st period - Stopped by Robin Lehner with a rebound.
5:48 of 1st period - Slapshot by Eric Gryba.
5:48 of 1st period - Stopped by Robin Lehner with a rebound.
5:50 of 1st period - Wrist shot by Duncan Keith.
5:50 of 1st period - Deflect By Josef Vasicek.
5:50 of 1st period - Stopped by Robin Lehner without a rebound.
5:51 of 1st period - Steven Stamkos wins face-off versus Ryan O'Reilly in Sabres zone.
5:54 of 1st period - Wrist shot by Steven Stamkos.
5:54 of 1st period - Stopped by Robin Lehner without a rebound.
5:55 of 1st period - Ryan O'Reilly wins face-off versus Steven Stamkos in Sabres zone.
5:55 of 1st period - Ryan O'Reilly is hit by Dion Phaneuf.
6:05 of 1st period - Bobby Ryan is hit by Matt Martin and loses puck.
6:43 of 1st period - Off-side.
6:44 of 1st period - Brayden Schenn wins face-off versus Vincent Lecavalier in neutral zone.
6:47 of 1st period - Jordan Leopold is hit by Simon Gagné and loses puck.
7:10 of 1st period - Simon Gagné is hit by J.T. Miller and loses puck.
7:41 of 1st period - Wrist shot by Zach Bogosian.
7:41 of 1st period - Deflect By Vincent Lecavalier.
7:41 of 1st period - Shot Misses the Net.
7:41 of 1st period - Puck is out of play.
7:42 of 1st period - Steven Stamkos wins face-off versus Andrei Loktionov in Penguins zone.
7:44 of 1st period - Minor Penalty to Dion Phaneuf for Hooking.
7:45 of 1st period - Brayden Schenn wins face-off versus Andrei Loktionov in Penguins zone.
8:36 of 1st period - J.T. Miller is hit by Sam Gagner and loses puck.
8:53 of 1st period - Sean Zimmerman is hit by Andrei Loktionov and loses puck.
9:44 of 1st period - Penalty to Dion Phaneuf is over, Dion Phaneuf is back on ice.
9:53 of 1st period - Wrist shot by Josef Vasicek.
9:53 of 1st period - Shot Misses the Net.
9:55 of 1st period - Slapshot by Duncan Keith.
9:55 of 1st period - Stopped by Robin Lehner with a rebound.
9:57 of 1st period - Snap shot by D.J King.
9:57 of 1st period - Stopped by Robin Lehner with a rebound.
9:59 of 1st period - Snap shot by Nikita Alexeev.
9:59 of 1st period - Shot Blocked by Michael Kostka.
10:43 of 1st period - Off-side.
10:44 of 1st period - Sam Gagner wins face-off versus Darcy Hordichuk in neutral zone.
11:22 of 1st period - Simon Gagné is hit by Zack Kassian and loses puck.
11:39 of 1st period - Icing by Brayden Schenn.
11:40 of 1st period - Brayden Schenn wins face-off versus Vincent Lecavalier in Penguins zone.
11:40 of 1st period - Brayden Schenn is hit by Vincent Lecavalier.
12:00 of 1st period - Snap shot by Vincent Lecavalier.
12:00 of 1st period - Stopped by Brian Elliott with a rebound.
12:02 of 1st period - Slapshot by Michael Kostka.
12:02 of 1st period - Shot Misses the Net.
12:33 of 1st period - Wrist shot by Vincent Lecavalier.
12:33 of 1st period - Shot Misses the Net.
12:39 of 1st period - Wrist shot by Duncan Keith.
12:39 of 1st period - Shot Misses the Net.
12:41 of 1st period - Snap shot by Justin Williams.
12:41 of 1st period - Goal by Justin Williams - Penguins : 1 - Sabres : 0.
12:42 of 1st period - Steven Stamkos wins face-off versus Zack Kassian in neutral zone.
12:51 of 1st period - Wrist shot by Steven Stamkos.
12:51 of 1st period - Shot Misses the Net.
12:53 of 1st period - Wrist shot by Sean Zimmerman.
12:53 of 1st period - Shot Blocked by Jared Cowen.
13:19 of 1st period - Slapshot by Zach Bogosian.
13:19 of 1st period - Stopped by Brian Elliott with a rebound.
14:07 of 1st period - Minor Penalty to Bobby Ryan for Holding.
14:08 of 1st period - Brayden Schenn wins face-off versus Vincent Lecavalier in Penguins zone.
14:23 of 1st period - Wrist shot by Zack Kassian.
14:23 of 1st period - Shot Blocked by Dion Phaneuf.
15:24 of 1st period - Wrist shot by Vincent Lecavalier.
15:24 of 1st period - Shot Blocked by Eric Gryba.
15:26 of 1st period - Slapshot by J.T. Miller.
15:26 of 1st period - Stopped by Brian Elliott without a rebound.
15:27 of 1st period - Brayden Schenn wins face-off versus Andrei Loktionov in Penguins zone.
15:38 of 1st period - Snap shot by Evander Kane.
15:38 of 1st period - Shot Misses the Net.
16:07 of 1st period - Penalty to Bobby Ryan is over, Bobby Ryan is back on ice.
16:13 of 1st period - Slapshot by Bobby Ryan.
16:13 of 1st period - Shot Blocked by Scottie Upshall.
16:25 of 1st period - Snap shot by Nathan Horton.
16:25 of 1st period - Goal by Nathan Horton - Penguins : 2 - Sabres : 0.
16:26 of 1st period - Ryan O'Reilly wins face-off versus Steven Stamkos in neutral zone.
16:57 of 1st period - Max Pacioretty is hit by Zack Kassian and loses puck.
18:13 of 1st period - Sean Zimmerman is hit by Rob Scuderi and loses puck.
18:54 of 1st period - Derek Joslin is hit by Michael Kostka and loses puck.
19:22 of 1st period - Snap shot by Brayden Schenn.
19:22 of 1st period - Shot Misses the Net.
19:40 of 1st period - Snap shot by Evander Kane.
19:40 of 1st period - Deflect By Zack Kassian.
19:40 of 1st period - Shot Hit the Post.
19:40 of 1st period - Puck is out of play.
19:41 of 1st period - Andrei Loktionov wins face-off versus Steven Stamkos in Penguins zone.
19:46 of 1st period - Slapshot by Evander Kane.
19:46 of 1st period - Stopped by Brian Elliott without a rebound.
19:47 of 1st period - Steven Stamkos wins face-off versus Andrei Loktionov in Penguins zone.
19:47 of 1st period - Steven Stamkos is hit by Evander Kane.
19:53 of 1st period - Zack Kassian is hit by Bobby Ryan and loses puck.
Goals for this period are 2 for Penguins vs 0 for Sabres.
Shots for this period are 10 for Penguins vs 14 for Sabres.
2nd period
0:01 of 2nd period - Andrei Loktionov wins face-off versus Steven Stamkos in neutral zone.
0:14 of 2nd period - Slapshot by Dion Phaneuf.
0:14 of 2nd period - Deflect By Bobby Ryan.
0:14 of 2nd period - Stopped by Robin Lehner with a rebound.
0:26 of 2nd period - Sam Gagner is hit by Ryan O'Reilly and loses puck.
0:33 of 2nd period - Wrist shot by Ryan O'Reilly.
0:33 of 2nd period - Shot Misses the Net.
1:02 of 2nd period - Wrist shot by Vincent Lecavalier.
1:02 of 2nd period - Stopped by Brian Elliott with a rebound.
1:41 of 2nd period - Snap shot by Josef Vasicek.
1:41 of 2nd period - Stopped by Robin Lehner with a rebound.
1:43 of 2nd period - Wrist shot by Nikita Alexeev.
1:43 of 2nd period - Shot Blocked by Evander Kane.
2:41 of 2nd period - Sean Zimmerman is hit by Darcy Hordichuk and loses puck.
3:59 of 2nd period - Minor Penalty to Simon Gagné for Hooking.
4:00 of 2nd period - Vincent Lecavalier wins face-off versus Brayden Schenn in Penguins zone.
5:12 of 2nd period - Snap shot by Sam Gagner.
5:12 of 2nd period - Stopped by Robin Lehner without a rebound.
5:13 of 2nd period - Sam Gagner wins face-off versus Vincent Lecavalier in Sabres zone.
5:26 of 2nd period - Snap shot by Sam Gagner.
5:26 of 2nd period - Stopped by Robin Lehner without a rebound.
5:27 of 2nd period - Andrei Loktionov wins face-off versus Brayden Schenn in Sabres zone.
5:42 of 2nd period - Icing by Kyle Okposo.
5:43 of 2nd period - Andrei Loktionov wins face-off versus Brayden Schenn in Sabres zone.
5:48 of 2nd period - Brayden Schenn is hit by Evander Kane and loses puck.
5:53 of 2nd period - Snap shot by Evander Kane.
5:53 of 2nd period - Shot Misses the Net.
5:59 of 2nd period - Penalty to Simon Gagné is over, Simon Gagné is back on ice.
6:07 of 2nd period - Brayden Schenn is hit by Kyle Okposo and loses puck.
6:57 of 2nd period - Wrist shot by Brayden Schenn.
6:57 of 2nd period - Shot Misses the Net.
6:59 of 2nd period - Slapshot by Eric Gryba.
6:59 of 2nd period - Stopped by Robin Lehner with a rebound.
7:43 of 2nd period - Kyle Okposo is hit by Eric Gryba and loses puck.
8:03 of 2nd period - Snap shot by Simon Gagné.
8:03 of 2nd period - Deflect By Brayden Schenn.
8:03 of 2nd period - Stopped by Robin Lehner with a rebound.
8:05 of 2nd period - Slapshot by Simon Gagné.
8:05 of 2nd period - Stopped by Robin Lehner with a rebound.
8:07 of 2nd period - Snap shot by Andrew Cogliano.
8:07 of 2nd period - Stopped by Robin Lehner with a rebound.
8:09 of 2nd period - Wrist shot by Brayden Schenn.
8:09 of 2nd period - Shot Misses the Net.
8:11 of 2nd period - Slapshot by Andrew Cogliano.
8:11 of 2nd period - Shot Blocked by Evander Kane.
8:13 of 2nd period - Slapshot by Duncan Keith.
8:13 of 2nd period - Deflect By Kyle Okposo.
8:13 of 2nd period - Stopped by Robin Lehner with a rebound.
8:25 of 2nd period - Snap shot by Andrei Loktionov.
8:25 of 2nd period - Stopped by Brian Elliott with a rebound.
8:34 of 2nd period - Icing by Evander Kane.
8:35 of 2nd period - Max Pacioretty wins face-off versus Andrei Loktionov in Sabres zone.
8:36 of 2nd period - Snap shot by Nathan Horton.
8:36 of 2nd period - Deflect By Max Pacioretty.
8:36 of 2nd period - Stopped by Robin Lehner without a rebound.
8:37 of 2nd period - Vincent Lecavalier wins face-off versus Sam Gagner in Sabres zone.
8:42 of 2nd period - Sean Zimmerman is hit by J.T. Miller and loses puck.
8:49 of 2nd period - Wrist shot by Vincent Lecavalier.
8:49 of 2nd period - Shot Misses the Net.
8:51 of 2nd period - Snap shot by Martin St. Louis.
8:51 of 2nd period - Shot Misses the Net.
9:51 of 2nd period - Icing by Jordan Leopold.
9:52 of 2nd period - Brandon Sutter wins face-off versus Sam Gagner in Sabres zone.
10:32 of 2nd period - Icing by Sam Gagner.
10:33 of 2nd period - Josef Vasicek wins face-off versus Vincent Lecavalier in Penguins zone.
11:07 of 2nd period - D.J King is hit by Darcy Hordichuk and loses puck.
11:39 of 2nd period - Sean Zimmerman is hit by Matt Martin and loses puck.
11:54 of 2nd period - Slapshot by Sean Zimmerman.
11:54 of 2nd period - Shot Misses the Net.
14:51 of 2nd period - Michael Kostka is hit by Justin Williams and loses puck.
15:04 of 2nd period - Nathan Horton is hit by Michael Kostka and loses puck.
16:15 of 2nd period - Simon Gagné is hit by Jakub Kindl.
16:27 of 2nd period - Minor Penalty to Simon Gagné for Hooking.
16:28 of 2nd period - Brayden Schenn wins face-off versus Vincent Lecavalier in Penguins zone.
17:00 of 2nd period - Snap shot by Andrei Loktionov.
17:00 of 2nd period - Stopped by Brian Elliott without a rebound.
17:01 of 2nd period - Andrei Loktionov wins face-off versus Sam Gagner in Penguins zone.
17:04 of 2nd period - Wrist shot by Kyle Okposo.
17:04 of 2nd period - Goal by Kyle Okposo - Penguins : 2 - Sabres : 1.
17:05 of 2nd period - Steven Stamkos wins face-off versus Andrei Loktionov in neutral zone.
17:14 of 2nd period - Slapshot by Bobby Ryan.
17:14 of 2nd period - Stopped by Robin Lehner without a rebound.
17:15 of 2nd period - Steven Stamkos wins face-off versus Andrei Loktionov in Sabres zone.
17:18 of 2nd period - Wrist shot by Steven Stamkos.
17:18 of 2nd period - Shot Misses the Net.
17:20 of 2nd period - Wrist shot by Andrew Cogliano.
17:20 of 2nd period - Shot Blocked by Zach Bogosian.
18:13 of 2nd period - Snap shot by Andrew Cogliano.
18:13 of 2nd period - Shot Misses the Net.
18:15 of 2nd period - Wrist shot by Bobby Ryan.
18:15 of 2nd period - Stopped by Robin Lehner with a rebound.
18:19 of 2nd period - Slapshot by Bobby Ryan.
18:19 of 2nd period - Shot Blocked by Andrei Loktionov.
18:21 of 2nd period - Slapshot by Dion Phaneuf.
18:21 of 2nd period - Stopped by Robin Lehner without a rebound.
18:22 of 2nd period - Ryan O'Reilly wins face-off versus Sam Gagner in Sabres zone.
18:22 of 2nd period - Ryan O'Reilly is hit by Sam Gagner.
18:29 of 2nd period - Minor Penalty to Max Pacioretty for Elbowing.
18:30 of 2nd period - Vincent Lecavalier wins face-off versus Brayden Schenn in Penguins zone.
19:50 of 2nd period - Sam Gagner is hit by Andrei Loktionov and loses puck.
Goals for this period are 0 for Penguins vs 1 for Sabres.
Shots for this period are 13 for Penguins vs 4 for Sabres.
3rd period
0:01 of 3rd period - Vincent Lecavalier wins face-off versus Brayden Schenn in neutral zone.
0:04 of 3rd period - Slapshot by Zach Bogosian.
0:04 of 3rd period - Deflect By Vincent Lecavalier.
0:04 of 3rd period - Shot Blocked by Sean Zimmerman.
0:04 of 3rd period - Puck is out of play.
0:05 of 3rd period - Vincent Lecavalier wins face-off versus Brayden Schenn in Penguins zone.
0:29 of 3rd period - Penalty to Max Pacioretty is over, Max Pacioretty is back on ice.
1:25 of 3rd period - Icing by Rob Scuderi.
1:26 of 3rd period - Andrei Loktionov wins face-off versus Simon Gagné in Sabres zone.
1:26 of 3rd period - Andrei Loktionov is hit by Simon Gagné.
1:34 of 3rd period - Slapshot by Michael Kostka.
1:34 of 3rd period - Stopped by Brian Elliott with a rebound.
2:43 of 3rd period - Slapshot by Rob Scuderi.
2:43 of 3rd period - Deflect By Andrei Loktionov.
2:43 of 3rd period - Stopped by Brian Elliott without a rebound.
2:44 of 3rd period - Ryan O'Reilly wins face-off versus Sam Gagner in Penguins zone.
2:55 of 3rd period - Slapshot by Zach Bogosian.
2:55 of 3rd period - Stopped by Brian Elliott without a rebound.
2:56 of 3rd period - Andrei Loktionov wins face-off versus Steven Stamkos in Penguins zone.
3:02 of 3rd period - Icing by Dion Phaneuf.
3:03 of 3rd period - Steven Stamkos wins face-off versus Andrei Loktionov in Penguins zone.
3:28 of 3rd period - Snap shot by Bobby Ryan.
3:28 of 3rd period - Stopped by Robin Lehner with a rebound.
3:44 of 3rd period - Minor Penalty to Nathan Horton for High sticking.
3:45 of 3rd period - Brayden Schenn wins face-off versus Vincent Lecavalier in Penguins zone.
4:17 of 3rd period - Off-side.
4:18 of 3rd period - Vincent Lecavalier wins face-off versus Andrew Cogliano in neutral zone.
4:21 of 3rd period - Slapshot by Michael Kostka.
4:21 of 3rd period - Shot Misses the Net.
4:27 of 3rd period - Snap shot by Vincent Lecavalier.
4:27 of 3rd period - Shot Misses the Net.
5:05 of 3rd period - Simon Gagné is hit by Zack Kassian and loses puck.
5:23 of 3rd period - Duncan Keith is hit by Zack Kassian and loses puck.
5:42 of 3rd period - Sean Zimmerman is hit by Evander Kane and loses puck.
5:44 of 3rd period - Penalty to Nathan Horton is over, Nathan Horton is back on ice.
6:28 of 3rd period - Snap shot by Ryan O'Reilly.
6:28 of 3rd period - Deflect By Paul Ranger.
6:28 of 3rd period - Stopped by Brian Elliott with a rebound.
6:30 of 3rd period - Snap shot by Matt Martin.
6:30 of 3rd period - Stopped by Brian Elliott with a rebound.
6:32 of 3rd period - Snap shot by Ryan O'Reilly.
6:32 of 3rd period - Shot Misses the Net.
7:31 of 3rd period - Icing by Jared Cowen.
7:32 of 3rd period - Andrei Loktionov wins face-off versus Brayden Schenn in Sabres zone.
7:51 of 3rd period - Nathan Horton is hit by J.T. Miller and loses puck.
7:56 of 3rd period - Snap shot by Vincent Lecavalier.
7:56 of 3rd period - Stopped by Brian Elliott with a rebound.
7:58 of 3rd period - Slapshot by Jared Cowen.
7:58 of 3rd period - Shot Blocked by Nathan Horton.
8:44 of 3rd period - Snap shot by Scottie Upshall.
8:44 of 3rd period - Shot Misses the Net.
9:39 of 3rd period - Icing by Eric Gryba.
9:40 of 3rd period - Brayden Schenn wins face-off versus Ryan O'Reilly in Penguins zone.
10:30 of 3rd period - Minor Penalty to Vincent Lecavalier for Hooking.
10:31 of 3rd period - Brandon Sutter wins face-off versus Steven Stamkos in Sabres zone.
10:44 of 3rd period - Off-side.
10:45 of 3rd period - Steven Stamkos wins face-off versus Brandon Sutter in neutral zone.
10:57 of 3rd period - Zach Bogosian is hit by Sean Zimmerman and loses puck.
12:30 of 3rd period - Penalty to Vincent Lecavalier is over, Vincent Lecavalier is back on ice.
13:16 of 3rd period - Wrist shot by D.J King.
13:16 of 3rd period - Stopped by Robin Lehner without a rebound.
13:17 of 3rd period - Josef Vasicek wins face-off versus Zack Kassian in Sabres zone.
13:30 of 3rd period - Josef Vasicek is hit by Zack Kassian and loses puck.
13:43 of 3rd period - Slapshot by Brandon Sutter.
13:43 of 3rd period - Shot Misses the Net.
13:45 of 3rd period - Slapshot by Darcy Hordichuk.
13:45 of 3rd period - Shot Misses the Net.
13:47 of 3rd period - Snap shot by Scottie Upshall.
13:47 of 3rd period - Shot Misses the Net.
13:49 of 3rd period - Wrist shot by Brandon Sutter.
13:49 of 3rd period - Shot Misses the Net.
14:34 of 3rd period - Nikita Alexeev is hit by Rob Scuderi and loses puck.
15:11 of 3rd period - Brayden Schenn is hit by Matt Martin.
15:17 of 3rd period - Matt Martin is hit by Simon Gagné and loses puck.
16:20 of 3rd period - Backhand shot by Vincent Lecavalier.
16:20 of 3rd period - Stopped by Brian Elliott with a rebound.
16:22 of 3rd period - Wrist shot by Evander Kane.
16:22 of 3rd period - Shot Blocked by Paul Ranger.
16:24 of 3rd period - Snap shot by Jared Cowen.
16:24 of 3rd period - Shot Misses the Net.
16:26 of 3rd period - Wrist shot by Jared Cowen.
16:26 of 3rd period - Deflect By Paul Ranger.
16:26 of 3rd period - Stopped by Brian Elliott without a rebound.
16:27 of 3rd period - Zack Kassian wins face-off versus Steven Stamkos in Penguins zone.
17:01 of 3rd period - Matt Martin is hit by Simon Gagné and loses puck.
17:21 of 3rd period - Martin St. Louis is hit by Nathan Horton.
18:53 of 3rd period - Sabres, Robin Lehner is pulled from the net.
19:08 of 3rd period - Off-side.
19:09 of 3rd period - Jacques Martin call a timeout for Sabres.
19:09 of 3rd period - Vincent Lecavalier wins face-off versus Brayden Schenn in neutral zone.
19:14 of 3rd period - Snap shot by Vincent Lecavalier.
19:14 of 3rd period - Stopped by Brian Elliott without a rebound.
19:15 of 3rd period - Brayden Schenn wins face-off versus Vincent Lecavalier in Penguins zone.
19:30 of 3rd period - Martin St. Louis is hit by Brayden Schenn.
19:37 of 3rd period - Icing by Dion Phaneuf.
19:38 of 3rd period - Vincent Lecavalier wins face-off versus Andrew Cogliano in Penguins zone.
19:45 of 3rd period - Snap shot by Evander Kane.
19:45 of 3rd period - Shot Misses the Net.
19:51 of 3rd period - Michael Kostka is hit by Brayden Schenn and loses puck.
Goals for this period are 0 for Penguins vs 0 for Sabres.
Shots for this period are 2 for Penguins vs 9 for Sabres.
Back to the Top